 Dungeon Crawl Stone Soup version 0.26-a0-597-gb535b0901c (webtiles) character file.

Game seed: 15296340141669704959

51 Alarkh the Insei (level 3, -2/29 HPs)
             Began as a Demonspawn Monk on Sept 2, 2020.
             Slain by Crazy Yiuf
             ... wielding a +2 quarterstaff of chaos
              (7 damage)
             ... while paralysed by Crazy Yiuf
             ... on level 2 of the Dungeon.
             The game lasted 00:01:46 (2043 turns).

Alarkh the Insei (Demonspawn Monk)                  Turns: 2043, Time: 00:01:47

Health: -2/29      AC:  6    Str: 11    XL:     3   Next: 57%
Magic:  3/3        EV:  5    Int: 12    God:
Gold:   137        SH:  0    Dex: 17    Spells: 2/2 levels left

rFire    + + .     SeeInvis .     - Unarmed
rCold    + + .     Faith    .   (shield currently unavailable)
rNeg     + + +     Spirit   .   (armour currently unavailable)
rPois    ∞         Reflect  .   (helmet currently unavailable)
rElec    +         Harm     .   (cloak currently unavailable)
rCorr    +         Clarity  +   (gloves currently unavailable)
MR       .....                  (boots currently unavailable)
Stlth    ++........             (amulet currently unavailable)
HPRegen  0.09/turn              (ring currently unavailable)
MPRegen  0.08/turn              (ring currently unavailable)

@: paralysed, wisp-form (expiring), flying, very slightly contaminated, quick
A: tiny, agile 1, clarity, powered by pain 1, subdued magic 1
a: no special abilities


You were on level 2 of the Dungeon.
You were an insubstantial wisp.
You visited 1 branch of the dungeon, and saw 2 of its levels.

You collected 137 gold pieces.

Inventory:

Armour
 a - a +0 robe (melded)
 b - a +2 pair of boots (melded)
 l - a +0 pair of gloves (melded)
Jewellery
 f - a ring of protection from fire (melded)
Scrolls
 c - a scroll of blinking {unknown}
 d - 2 scrolls of fog {unknown}
 h - 4 scrolls of identify {unknown}
 j - 2 scrolls of remove curse
 k - a scroll of immolation {unknown}
 m - a scroll of teleportation {unknown}
Potions
 e - a potion of curing
 g - a potion of magic


   Skills:
 + Level 3.5 Fighting
 - Level 2.6 Dodging
 - Level 1.7 Stealth
 * Level 3.8 Unarmed Combat


You had 2 spell levels left.
You didn't know any spells.
Your spell library was empty.

Dungeon Overview and Level Annotations

Branches:
Dungeon (2/15)

Altars:
Sif Muna

Annotations:
D:2 Crazy Yiuf


Innate Abilities, Weirdness & Mutations

You sometimes gain a little power by taking damage.
You are agile. (Dex +2)
You possess an exceptional clarity of mind.
((You are resistant to electric shocks. (rElec)))
Your spells are a little easier to cast, but a little less powerful.


Message History

Crazy Yiuf is moderately wounded.
Crazy Yiuf completely misses you.
You barely miss Crazy Yiuf.
Crazy Yiuf is moderately wounded.
Your transformation is almost over.
Crazy Yiuf misses you.
You catch the helpless Crazy Yiuf completely off-guard!
You touch Crazy Yiuf but do no damage.
Crazy Yiuf is moderately wounded.
Crazy Yiuf says, "Lugonu!"
Crazy Yiuf misses you.
You completely miss Crazy Yiuf.
Crazy Yiuf is moderately wounded.
You flicker back into view.
Crazy Yiuf hits you with a +2 quarterstaff of chaos.
* * * LOW HITPOINT WARNING * * *
You suddenly lose the ability to move!
You blink.
Crazy Yiuf hits you with a +2 quarterstaff of chaos!
You die...

#####..#### ♣♣.♣♣ ##.#...#....#
#.# #..# ♣♣.♣ #..........# #.#
#..# ♣.♣♣ ###..##....#
#.###..#### ♣♣.♣ #..###...#
..........# ♣.♣♣ #.........
.......#### ##'## #.####...#
#.........# #...# #.# #...#
#..##..#### #.g.# #.# #...#
#........# #).v# #.# ###..
#.###..#.## ##### ####.########
#.# #.....# #............ #.#
#..#.######################## #.#
#..#.#.#..#..#.# ###########
#.###..#.#.#..##.#.# #..........
#........)....##...####.#########
#####..#.#.#.###.................
#.........##.#.####.#########


You could see Crazy Yiuf.

Vanquished Creatures
  An adder (D:2)
  3 oozes (D:1)
  A dart slug (D:1)
  2 worms (D:2)
  A ball python (D:2)
  2 goblins
  2 hobgoblins
  4 bats
  3 frilled lizards (D:1)
  4 kobolds
  5 rats
28 creatures vanquished.

Notes
Turn   | Place    | Note
-------+----------+-------------------------------------------
     0 | D:1      | Alarkh the Demonspawn Monk began the quest for the Orb.
     0 | D:1      | Reached XP level 1. HP: 18/18 MP: 1/1
     1 | D:1      | You fall into a shaft and drop 1 floor!
   424 | D:1      | Noticed a halfling
   424 | D:1      | Noticed an elf
   426 | D:1      | Noticed a vine stalker
   426 | D:1      | Noticed an octopode
   428 | D:1      | Noticed a tengu
   430 | D:1      | Noticed a naga
   430 | D:1      | Noticed a formicid
   432 | D:1      | Noticed a centaur
   432 | D:1      | Noticed a troll
   434 | D:1      | Noticed a draconian
   436 | D:1      | Noticed a spriggan
   436 | D:1      | Noticed a demigod
   503 | D:1      | Gained mutation: You sometimes gain a little power by
                  | taking damage. [demonic ancestry]
   503 | D:1      | Reached XP level 2. HP: 18/24 MP: 2/2
   984 | D:1      | Reached XP level 3. HP: 25/29 MP: 3/3
  1501 | D:2      | Found a shimmering blue altar of Sif Muna.
  1634 | D:2      | Found a runed translucent door.
  1635 | D:2      | Noticed Crazy Yiuf
  2024 | D:2      | Gained mutation: Your spells are a little easier to cast,
                  | but a little less powerful. [potion of mutation]
  2024 | D:2      | Gained mutation: You possess an exceptional clarity of
                  | mind. [potion of mutation]
  2024 | D:2      | Gained mutation: You are resistant to electric shocks.
                  | (rElec) [potion of mutation]
  2024 | D:2      | Gained mutation: You are agile. (Dex +2) [potion of
                  | mutation]
  2040 | D:2      | Paralysed by Crazy Yiuf for 3 turns
  2043 | D:2      | Slain by Crazy Yiuf

Illustrated notes

Levels and vault maps discovered:
D:1:      kb_arrival_jail, layout_loops_corners
D:2:      layout_basic, nicolae_overflow_hidden_temple, uniq_crazy_yiuf_cottage

Skill      XL: |  1 |
---------------+----+-----
Unarmed Combat | 3 |  3.8
Fighting       | |  3.5
Dodging        | |  2.6
Stealth        | |  1.7

Action                   || total
-------------------------++-------
Melee: Unarmed           ||   115
       Punch             ||     4
  Use: Scroll            ||     1
       Potion            ||     5
 Stab: Sleeping          ||     6
       Invisible         ||     3
Armor: Robe              ||    18
Dodge: Dodged            ||    49

Table legend: (Time is in decaauts)
 A = Elapsed time spent in this place.
 B = Non-inter-level travel time spent in this place.
 C = Inter-level travel time spent in this place.
 D = Time resting spent in this place.
 E = Time spent auto-exploring this place.
 F = Levels seen in this place.
 G = Mean time per level.
                   A        B        C        D        E       F      G
               +--------+--------+--------+--------+--------+-----+--------+
         Total |   2035 |   2006 |     29 |    149 |   1589 |   2 | 1017.5 |
       Dungeon |   2035 |   2006 |     29 |    149 |   1589 |   2 | 1017.5 |
               +--------+--------+--------+--------+--------+-----+--------+

Top non-repeatable levels by time:
     D:2: 1060 daAuts
     D:1: 975 daAuts
